 Dungeon Crawl Stone Soup version 0.24.0-37-gcf1ca852f1 (webtiles) character file.

Game seed: 4838540280406403669, levelgen mode: deterministic

5609 Iamsoldier the Magician (level 10, -7/74 HPs)
             Began as a Gnoll Earth Elementalist on Nov 24, 2019.
             Was a Believer of Vehumet.
             Mangled by an orc warrior
             ... wielding a +0 long sword
              (19 damage)
             ... on level 9 of the Dungeon.
             The game lasted 00:30:50 (8561 turns).

Iamsoldier the Magician (Gnoll Earth Elementalist)  Turns: 8561, Time: 00:30:51

Health: -7/74      AC:  9    Str: 11    XL:     10   Next: 73%
Magic:  1/36       EV:  8    Int: 25    God:    Vehumet [**....]
Gold:   538        SH:  0    Dex: 16    Spells: 8/24 levels left

rFire    . . .     SeeInvis .   G - staff of power
rCold    . . .     Gourm    .   (no shield)
rNeg     + . .     Faith    .   t - +0 leather armour (curse)
rPois    .         Spirit   .   x - +2 helmet
rElec    .         Reflect  .   D - +0 cloak
rCorr    .         Harm     .   n - +0 pair of gloves
MR       .....                  (no boots)
Stlth    +++.......             g - amulet of the acrobat
HPRegen  0.22/turn              q - ring of flight
MPRegen  0.25/turn              e - ring of positive energy

@: brilliant, marked, held
A: distributed training, fangs 1, strong nose
a: Renounce Religion, Evoke Flight


You were on level 9 of the Dungeon.
You worshipped Vehumet.
Vehumet was pleased with you.
You were near starving.

You visited 2 branches of the dungeon, and saw 10 of its levels.

You collected 538 gold pieces.

Inventory:

Hand Weapons
 a - a +0 short sword of venom
Missiles
 b - 3 stones (quivered)
Armour
 c - a +1 robe
 n - a +0 pair of gloves (worn)
 t - a cursed +0 leather armour (worn)
 x - a +2 helmet (worn)
 D - a +0 cloak (worn)
 I - +0 steam dragon scales
Magical Staves
 G - an uncursed staff of power (weapon)
Jewellery
 e - a ring of positive energy (right hand)
 g - an amulet of the acrobat (around neck)
 q - a ring of flight (left hand)
 L - a +1 ring of evasion {unknown}
Wands
 w - a wand of paralysis (5)
 y - a wand of digging (2)
 H - a wand of acid (9)
 J - a wand of iceblast (7)
Scrolls
 i - a scroll of random uselessness
 j - 7 scrolls of teleportation
 k - 3 scrolls of enchant weapon {unknown}
 o - a scroll of blinking {unknown}
 r - a scroll of identify
 s - a scroll of noise
 u - a scroll of fog {unknown}
 v - 2 scrolls of enchant armour
 A - a scroll of magic mapping {unknown}
 F - a scroll of summoning {unknown}
Potions
 f - a potion of brilliance
 h - 2 potions of might
 l - a potion of resistance
 m - a potion of curing
 p - 2 potions of flight
 z - 2 potions of degeneration {unknown}
 C - a potion of mutation {unknown}
 E - 2 potions of agility {unknown}
Comestibles
 d - 13 rations


   Skills:
 + Level 5.4 Fighting
 + Level 5.4 Short Blades
 + Level 5.4 Long Blades
 + Level 5.4 Axes
 + Level 5.4 Maces & Flails
 + Level 5.4 Polearms
 + Level 5.4 Staves
 + Level 5.4 Slings
 + Level 5.4 Bows
 + Level 5.4 Crossbows
 + Level 5.4 Throwing
 + Level 5.4 Armour
 + Level 7.2 Dodging
 + Level 6.9 Stealth
 + Level 5.4 Shields
 + Level 5.4 Unarmed Combat
 + Level 7.5 Spellcasting
 + Level 4.5 Conjurations
 + Level 4.5 Hexes
 + Level 4.5 Charms
 + Level 4.5 Summonings
 + Level 4.5 Necromancy
 + Level 4.5 Translocations
 + Level 5.0 Transmutations
 + Level 4.5 Fire Magic
 + Level 4.5 Ice Magic
 + Level 4.5 Air Magic
 + Level 7.2 Earth Magic
 + Level 4.5 Poison Magic
 + Level 6.0 Invocations
 + Level 5.4 Evocations


You had 8 spell levels left.
You knew the following spells:

 Your Spells              Type           Power        Failure   Level  Hunger
a - Sandblast             Erth           ######       1%          1    None
b - Lee's Rapid Deconstr  Erth           ######....   1%          5    #####..
c - Ozocubu's Armour      Chrm/Ice       #####...     1%          3    None
d - Stone Arrow           Conj/Erth      ######       1%          3    None
e - Petrify               Tmut/Erth      ######..     1%          4    ###....

Your spell library contained the following spells:

 Spells                   Type           Power        Failure   Level  Hunger
 Magic Dart               Conj           ####         1%          1    None
 Freeze                   Ice            ####         1%          1    None
 Passwall                 Tmut/Erth      ######..     1%          2    None
 Throw Frost              Conj/Ice       #####.       1%          2    None
 Summon Ice Beast         Ice/Summ       #####...     1%          4    ###....
 Throw Icicle             Conj/Ice       #####...     1%          4    ###....


Dungeon Overview and Level Annotations

Branches:
Dungeon (9/15)             Temple (1/1) D:4
   Lair: D:8-11         Orc: D:9-12

Altars:
Ashenzari
Cheibriados
Dithmenos
Elyvilon
Fedhas
Gozag
Hepliaklqana
Kikubaaqudgha
Makhleb
Nemelex Xobeh
Okawaru
Qazlal
Ru
Sif Muna
Trog
Uskayaw
Vehumet
Wu Jian
Xom
Yredelemnul
Zin
The Shining One


Innate Abilities, Weirdness & Mutations

Your experience applies equally to all skills.
You have very sharp teeth.
Your uncanny sense of smell can sniff out nearby items.


Message History

Okay, then.
You feel better. The orc warrior barely misses you.
The orc hits you but does no damage. x2
You feel better.
The orc warrior hits you with a +0 long sword!
* * * LOW HITPOINT WARNING * * *
The orc hits you but does no damage. The orc hits you with a +0 flail.
* * * LOW HITPOINT WARNING * * *
You can't do that while held in a net.
As you read the scroll labeled IQOTIA DOTIUR, it crumbles to dust.
You hear a loud clanging noise!
It was a scroll of noise.
You hear a shout!
The orc warrior completely misses you. The orc closely misses you.
As you read the scroll labeled IGEHEGRIQE, it crumbles to dust.
You experience a momentary feeling of inescapable doom!
It was a scroll of random uselessness.
The orc hits you with a +0 flail.
* * * LOW HITPOINT WARNING * * *
The orc warrior hits you with a +0 long sword!!
You die...

### ∆ #..
#.# #.# #
#.###
#.##)..#
#..o@#.#
#######oo.#
....†...%.#
#######?..#
#)..# #...#
....#
##.#.#
#.#.#


You could see an orc warrior and 2 orcs.

Vanquished Creatures
  Harold (D:9)
  Joseph (D:7)
  Psyche (D:8)
  An ice statue (D:7)
  Sigmund (D:4)
  2 hungry ghosts (D:8)
  A steam dragon (D:8)
  3 water moccasins
  An orc warrior (D:6)
  An ice beast (D:6)
  A sky beast (D:8)
  A phantom (D:5)
  2 ogres
  4 centaurs
  A crocodile (D:8)
  A big kobold (D:8)
  5 bullfrogs
  3 scorpions
  9 wights (D:8)
  4 howler monkeys
  A bullfrog zombie (D:7)
  2 crimson imps
  A bullfrog skeleton (D:7)
  3 orc wizards
  7 hounds
  2 jellies (D:7)
  3 orc priests
  2 iguanas
  6 worker ants
  A killer bee zombie (D:5)
  A hound zombie (D:6)
  2 worker ant zombies
  13 adders
  3 adder skeletons
  3 worms
  2 dart slugs (D:1)
  7 leopard geckos
  21 orcs
  A ball python (D:1)
  6 giant cockroaches
  9 goblins
  3 hobgoblins
  11 jackals
  4 quokkas
  9 bats
  3 frilled lizards
  A jackal skeleton (D:4)
  10 kobolds
  A quokka skeleton (D:7)
  A quokka zombie (D:5)
  7 rats
190 creatures vanquished.

Notes
Turn   | Place    | Note
-------+----------+-------------------------------------------
     0 | D:1      | Iamsoldier the Gnoll Earth Elementalist began the quest for
                  | the Orb.
     0 | D:1      | Reached XP level 1. HP: 13/13 MP: 6/6
     2 | D:1      | Noticed a vampire
     4 | D:1      | Noticed a spriggan
     4 | D:1      | Noticed a dwarf
     6 | D:1      | Noticed a human
     6 | D:1      | Noticed a felid
     8 | D:1      | Noticed a demonspawn
     8 | D:1      | Noticed a tengu
    10 | D:1      | Noticed a troll
    10 | D:1      | Noticed an elf
    12 | D:1      | Noticed a minotaur
    14 | D:1      | Noticed a merfolk
    14 | D:1      | Noticed a draconian
    16 | D:1      | Noticed an octopode
    16 | D:1      | Noticed a gargoyle
    18 | D:1      | Noticed a demigod
    20 | D:1      | Noticed an ogre
    20 | D:1      | Noticed a formicid
    22 | D:1      | Noticed a vine stalker
    24 | D:1      | Noticed a centaur
    24 | D:1      | Noticed a naga
    26 | D:1      | Noticed a ghoul
    26 | D:1      | Noticed a halfling
   198 | D:1      | Reached XP level 2. HP: 18/19 MP: 5/7
   614 | D:1      | Reached XP level 3. HP: 25/25 MP: 9/9
   773 | D:1      | Reached skill level 5 in Spellcasting
   890 | D:2      | Reached skill level 1 in Invocations
  1144 | D:2      | Reached skill level 1 in Fighting
  1144 | D:2      | Reached skill level 1 in Short Blades
  1144 | D:2      | Reached skill level 1 in Long Blades
  1144 | D:2      | Reached skill level 1 in Axes
  1144 | D:2      | Reached skill level 1 in Maces & Flails
  1144 | D:2      | Reached skill level 1 in Polearms
  1144 | D:2      | Reached skill level 1 in Staves
  1144 | D:2      | Reached skill level 1 in Slings
  1144 | D:2      | Reached skill level 1 in Bows
  1144 | D:2      | Reached skill level 1 in Crossbows
  1144 | D:2      | Reached skill level 1 in Throwing
  1144 | D:2      | Reached skill level 1 in Armour
  1144 | D:2      | Reached skill level 1 in Shields
  1144 | D:2      | Reached skill level 1 in Unarmed Combat
  1144 | D:2      | Reached skill level 1 in Evocations
  1144 | D:2      | Reached XP level 4. HP: 32/32 MP: 9/11
  1872 | D:3      | Reached skill level 1 in Conjurations
  1872 | D:3      | Reached skill level 1 in Hexes
  1872 | D:3      | Reached skill level 1 in Charms
  1872 | D:3      | Reached skill level 1 in Summonings
  1872 | D:3      | Reached skill level 1 in Necromancy
  1872 | D:3      | Reached skill level 1 in Translocations
  1872 | D:3      | Reached skill level 1 in Fire Magic
  1872 | D:3      | Reached skill level 1 in Ice Magic
  1872 | D:3      | Reached skill level 1 in Air Magic
  1872 | D:3      | Reached skill level 1 in Poison Magic
  2175 | D:3      | Reached XP level 5. HP: 33/37 MP: 12/12
  2189 | D:3      | Learned a level 5 spell: Lee's Rapid Deconstruction
  2673 | D:4      | Found a blossoming altar of Fedhas.
  2692 | D:4      | Reached XP level 6. HP: 35/44 MP: 7/13
  2752 | D:4      | Found a staircase to the Ecumenical Temple.
  2761 | Temple   | Entered the Ecumenical Temple
  2783 | Temple   | Became a worshipper of Vehumet
  3215 | D:4      | Noticed Sigmund
  3234 | D:4      | Killed Sigmund
  3234 | D:4      | Reached skill level 5 in Dodging
  3234 | D:4      | Reached XP level 7. HP: 42/50 MP: 9/15
  3395 | D:5      | Entered Level 5 of the Dungeon
  3839 | D:5      | Reached skill level 5 in Stealth
  4126 | D:5      | Reached XP level 8. HP: 57/57 MP: 11/16
  4358 | D:6      | Learned a level 3 spell: Ozocubu's Armour
  4363 | D:6      | Learned a level 4 spell: Petrify
  4367 | D:6      | Learned a level 3 spell: Stone Arrow
  4371 | D:6      | Reached * piety under Vehumet
  4371 | D:6      | Offered knowledge of Sting by Vehumet.
  5472 | D:6      | Reached XP level 9. HP: 65/65 MP: 8/18
  5790 | D:7      | Noticed Joseph
  5798 | D:7      | Killed Joseph
  6398 | D:7      | Noticed an ice statue
  6759 | D:7      | Killed an ice statue
  6809 | D:8      | Noticed Psyche
  6825 | D:8      | Reached skill level 5 in Invocations
  6925 | D:8      | Killed Psyche
  6925 | D:8      | Reached XP level 10. HP: 65/73 MP: 20/20
  7351 | D:8      | Reached skill level 5 in Fighting
  7351 | D:8      | Reached skill level 5 in Short Blades
  7351 | D:8      | Reached skill level 5 in Long Blades
  7351 | D:8      | Reached skill level 5 in Axes
  7351 | D:8      | Reached skill level 5 in Maces & Flails
  7351 | D:8      | Reached skill level 5 in Polearms
  7351 | D:8      | Reached skill level 5 in Staves
  7351 | D:8      | Reached skill level 5 in Slings
  7351 | D:8      | Reached skill level 5 in Bows
  7351 | D:8      | Reached skill level 5 in Crossbows
  7351 | D:8      | Reached skill level 5 in Throwing
  7351 | D:8      | Reached skill level 5 in Armour
  7351 | D:8      | Reached skill level 5 in Shields
  7351 | D:8      | Reached skill level 5 in Unarmed Combat
  7351 | D:8      | Reached skill level 5 in Evocations
  7695 | D:8      | Found an ancient bone altar of Kikubaaqudgha.
  8238 | D:8      | Reached ** piety under Vehumet
  8238 | D:8      | Offered knowledge of Magic Dart by Vehumet.
  8526 | D:9      | Noticed Harold
  8540 | D:9      | Killed Harold
  8540 | D:9      | Reached skill level 5 in Transmutations
  8561 | D:9      | Mangled by an orc warrior

Levels and vault maps discovered:
D:1:      kb_arrival_jail, layout_basic
D:2:      layout_loops_corners
D:3:      layout_rooms
D:4:      layout_rooms, kennysheep_mini, minmay_temple_entry_waves,
          minmay_misc_feat_ornament, uniq_sigmund
D:5:      minmay_general_purpose_star, layout_gridville, first_ration
D:6:      layout_cave_pools, mrwooster_statue_mirror
D:7:      lemuel_ice_statue, layout_basic, uniq_joseph
D:8:      layout_basic, basic_altar, uniq_psyche
D:9:      layout_loops_ring, zombieorc2_lemuel, dk_vineyard_3, uniq_harold
Temple:   regret_index_temple_sigil_plot

Skill      XL: |  1  2  3  4  5  6  7  8  9 10 |
---------------+-------------------------------+-----
Transmutations | 2 3 4 5 |  5.0
Spellcasting   | 5 6 7 |  7.5
Invocations    | 1 2 3 4 5 6 |  6.0
Fighting       | 1 2 3 4 5 |  5.4
Short Blades   | 1 2 3 4 5 |  5.4
Long Blades    | 1 2 3 4 5 |  5.4
Axes           | 1 2 3 4 5 |  5.4
Maces & Flails | 1 2 3 4 5 |  5.4
Polearms       | 1 2 3 4 5 |  5.4
Staves         | 1 2 3 4 5 |  5.4
Slings         | 1 2 3 4 5 |  5.4
Bows           | 1 2 3 4 5 |  5.4
Crossbows      | 1 2 3 4 5 |  5.4
Throwing       | 1 2 3 4 5 |  5.4
Armour         | 1 2 3 4 5 |  5.4
Shields        | 1 2 3 4 5 |  5.4
Unarmed Combat | 1 2 3 4 5 |  5.4
Evocations     | 1 2 3 4 5 |  5.4
Conjurations   | 1 2 3 4 |  4.5
Hexes          | 1 2 3 4 |  4.5
Charms         | 1 2 3 4 |  4.5
Summonings     | 1 2 3 4 |  4.5
Necromancy     | 1 2 3 4 |  4.5
Translocations | 1 2 3 4 |  4.5
Fire Magic     | 1 2 3 4 |  4.5
Ice Magic      | 1 2 3 4 |  4.5
Air Magic      | 1 2 3 4 |  4.5
Poison Magic   | 1 2 3 4 |  4.5
Dodging        | 5 6 7 |  7.2
Stealth        | 5 6 |  6.9
Earth Magic    | 6 7 |  7.2

Action                   |  1- 3 |  4- 6 |  7- 9 | 10-12 || total
-------------------------+-------+-------+-------+-------++-------
Melee: Short sword       |    38 |    48 |     8 |       ||    94
       Bite              |     3 |     5 |     1 |       ||     9
 Cast: Sandblast         |    17 |    39 |   162 |    51 ||   269
       Stone Arrow       |       |       |    29 |    34 ||    63
       Ozocubu's Armour  |       |       |     2 |       ||     2
       Lee's Rapid Decon |       |       |     4 |    13 ||    17
 Abil: Evoke Flight      |       |       |     1 |       ||     1
  Use: Scroll            |     1 |     2 |     2 |     6 ||    11
       Potion            |       |       |       |     4 ||     4
 Stab: Sleeping          |     5 |     6 |       |       ||    11
  Eat: Chunk             |     1 |     6 |    10 |     6 ||    23
       Ration            |       |       |     1 |     1 ||     2
Armor: Robe              |    11 |    15 |    13 |       ||    39
       Leather armour    |       |       |    12 |    11 ||    23
Dodge: Dodged            |    32 |    46 |    85 |    28 ||   191
